 Dungeon Crawl Stone Soup version 0.30-a0-331-g8ab09dc110 (webtiles) character file.

Game seed: 10907506395667296469

33 porpoise the Poker (level 3, -13/28 HPs)
             Began as a Demonspawn Gladiator on Oct 29, 2022.
             Engulfed by a cloud of flame (30 damage)
             ... on level 2 of the Dungeon.
             The game lasted 00:04:58 (1314 turns).

porpoise the Poker (Demonspawn Gladiator)           Turns: 1314, Time: 00:04:58

Health: -13/28     AC:  6    Str: 16    XL:     3   Next: 12%
Magic:  3/3        EV: 11    Int:  9    God:
Gold:   119        SH:  0    Dex: 14    Spells: 2/2 levels left

rFire   . . .      SeeInvis .    a - +0 trident
rCold   . . .      Faith    .    (no shield)
rNeg    . . .      Spirit   .    p - +0 ring mail
rPois   .          Reflect  .    c - +0 helmet
rElec   .          Harm     .    (no cloak)
rCorr   +          Rampage  .    (no gloves)
Will    .....                    (no boots)
Stlth   +.........               (no amulet)
HPRegen 0.24/turn                n - ring of resist corrosion
MPRegen 0.08/turn                (no ring)

@: mighty
A: powered by pain 1, weakness stinger 1
a: no special abilities


You were on level 2 of the Dungeon.
You visited 1 branch of the dungeon, and saw 2 of its levels.

You collected 119 gold pieces.

Inventory:

Hand Weapons
 a - a +0 trident (weapon)
Missiles
 d - 4 throwing nets (quivered)
 e - a javelin
Armour
 c - a +0 helmet (worn)
 p - a +0 ring mail (worn)
Jewellery
 n - a ring of resist corrosion (left hand)
 o - an amulet of faith
Scrolls
 f - a scroll of immolation {unknown}
 i - a scroll of enchant weapon {unknown}
 j - a scroll of enchant armour {unknown}
 k - a scroll of teleportation {unknown}
 s - a scroll of identify {unknown}
Potions
 b - a potion of magic {unknown}
 g - 3 potions of curing {unknown}
 h - a potion of flight {unknown}
 l - a potion of heal wounds {unknown}
 m - a potion of attraction {unknown}
 q - a potion of might {unknown}
 r - 2 potions of haste {unknown}


   Skills:
 + Level 2.6 Fighting
 * Level 3.5 Polearms
 - Level 1.7 Throwing
 - Level 2.6 Dodging


You had 2 spell levels left.
You didn't know any spells.
Your spell library was empty.

Dungeon Overview and Level Annotations

Branches:
Dungeon (2/15)

Altars:


Innate Abilities, Weirdness & Mutations

You sometimes gain a little power by taking damage.
You have a small tail.


Message History

There is a stone staircase leading down here.
r - a gluggy clear potion You open the door.
There is an open door here.
You now have 119 gold pieces (gained 10).
s - a scroll labelled ZEYMYA SODD As you open the door, it creaks loudly!
Found a stone staircase leading up.
A bat comes into view.
You reach to attack!
You miss the bat. The bat barely misses you. x2
The bat hits you but does no damage.
You puncture the bat!
You kill the bat!
No target in view!
A ball python comes into view.
The ball python hisses angrily.
The ball python moves out of view.
A ball python is nearby!
You closely miss the ball python. The ball python misses you.
The ball python grabs you. The ball python constricts you.
You puncture the ball python!
You kill the ball python!
No target in view!
You see here a ball python corpse.
You see here a ball python corpse.
Partly explored, can't reach some items and places.
Press: ? - help, v - describe, . - travel, g - get item Item here: a gluggy clear potion.
The floor.
There is a cloud of flame here.
Really walk into a travel-excluded area?
Really walk into that cloud of flame?
Okay, then.
You are engulfed in blazing flames.
You focus on the pain.
You feel very mighty all of a sudden.
You see here a gluggy clear potion.
r - 2 gluggy clear potions (gained 1)
You are engulfed in blazing flames.
Ouch! That really hurt!
You die...

#☼§☼# #<#.#
##...#######.#
§.$...§°☼....#
○.....§○§..###
.$.$.§.☼..#
#...#####.#
#§○☼# #.#
#§§○# #.#
#@°☼# #.#
#...#####.#
##........#
##########


There were no monsters in sight!

Vanquished Creatures
  A worm (D:2)
  3 endoplasms (D:1)
  2 goblins
  6 jackals (D:1)
  5 kobolds (D:1)
  A quokka (D:2)
  5 ball pythons
  A bat (D:2)
  2 frilled lizards
  A rat (D:1)
27 creatures vanquished.

Notes
Turn   | Place    | Note
-------+----------+-------------------------------------------
     0 | D:1      | porpoise the Demonspawn Gladiator began the quest for the
                  | Orb.
     0 | D:1      | Reached XP level 1. HP: 16/16 MP: 1/1
   109 | D:1      | Reached skill level 3 in Polearms
   128 | D:1      | Gained mutation: You have a small tail. [demonic ancestry]
   128 | D:1      | Reached XP level 2. HP: 11/22 MP: 2/2
   968 | D:2      | Found a faded altar of an unknown god.
  1083 | D:2      | Gained mutation: You sometimes gain a little power by
                  | taking damage. [demonic ancestry]
  1083 | D:2      | Reached XP level 3. HP: 28/28 MP: 3/3
  1314 | D:2      | Engulfed by a cloud of flame

Illustrated notes

Levels and vault maps discovered:
D:1:      minmay_arrival_jagged, layout_loops_ring, minmay_tetromino_s4
D:2:      layout_basic, shapermc_ecumenical_altar_pompeii, lemuel_flame_loot_1

Skill      XL: |  1 |
---------------+----+-----
Polearms       | 3 |  3.5
Fighting       | |  2.6
Throwing       | |  1.7
Dodging        | |  2.6

Action                   || total
-------------------------++-------
Melee: Trident           ||    85
       Tailslap          ||     7
Throw: Throwing net      ||     1
 Stab: Held in net/web   ||     1
Armor: Leather armour    ||    20
       Ring mail         ||     1
Dodge: Dodged            ||    48

Table legend: (Time is in decaauts)
 A = Elapsed time spent in this place.
 B = Non-inter-level travel time spent in this place.
 C = Inter-level travel time spent in this place.
 D = Time resting spent in this place.
 E = Time spent auto-exploring this place.
 F = Levels seen in this place.
 G = Mean time per level.
                   A        B        C        D        E       F      G
               +--------+--------+--------+--------+--------+-----+--------+
         Total |   1325 |   1299 |     26 |     51 |    978 |   2 |  662.5 |
       Dungeon |   1325 |   1299 |     26 |     51 |    978 |   2 |  662.5 |
               +--------+--------+--------+--------+--------+-----+--------+

Top non-repeatable levels by time:
     D:1: 718 daAuts
     D:2: 606 daAuts
